Unix NetHack Version 5.0.0-0 post-release - last build Jul 19 2026 19:10:59 (3aa4ab31751d3886436d94b585a96704892fd477,branch:main).

Game began 2026-07-21 02:42:38, ended 2026-07-23 09:36:20.

Bowen347, lawful female dwarven Valkyrie

                                                 #       ------   --     ---
                              --        ----------...-----.|..--- -.---- ..|
           ---                |.         ........ ..............| .^.|.--..--
      ------.---              |..         -.....#.......--......| -.........|
      |...|....------ --      -...        |........{....-|......-  ........-
      |................|      |...     |. |...........#..|.......  -.......--
    ---..............-.--------....----|.................|......-  |........|
   --.....--....---.................)...-....|  -- --...----....----.....| --
   |....-.||....| |..-.-------------|--......-+--   |...|..|.....--.....--
   |......|---.>| --...|...|...|..|.[...........|   |...[..|.......@..d--
   |......-- ------....|...-...|..|%..{..------+-   |...----.......Y...|
   |..--...|   ---.....|...|.%.-.--......|      ----|.................--
   --- |-..-----.....|.-----.............+      |...|............--...|
       |..........----.......%.-|---+--..|   ---|...|..-----....--|...--
  ------.---------- |..--|---|-|..|   |.[-----..|...|..|...|.....|--...-
  |......|          |..|...|...|..|   |.........--|--..-...|...<-- ----..
  |..-----          |..|...|...|..|   |................|...|....|      -..-
  ----              --.|-----------   |................|---|..---        .|
                     ---              ------------------   ----          --

Bowen347 the Fighter        St:15 Dx:11 Co:20 In:10 Wi:10 Ch:7  Lawful
Dlvl:7  $:55 HP:0(91) Pw:8(8) AC:-5 Xp:7 T:4414 

Latest messages:
 The watch captain wields an elven broadsword!
 You hit the watch captain!
 The watch captain swings her elven broadsword.
 The watch captain hits!
 The watch captain swings her elven broadsword.
 The watch captain hits again!
 Talk to whom? (in what direction) 4
 "Resistance is useless!"
 The watch captain swings her elven broadsword.
 The watch captain hits!
 The watch captain swings her elven broadsword.
 The watch captain hits again!
 You hit the watch captain!
 The watch captain swings her elven broadsword.
 The watch captain hits!
 The watch captain swings her elven broadsword.
 The watch captain misses!
 The yeti misses!
 The yeti misses!
 The yeti bites!
 You hit the watch captain!
 The yeti misses!
 The yeti misses!
 The yeti misses!
 The watch captain swings her elven broadsword.
 The watch captain hits!
 The watch captain swings her elven broadsword.
 The watch captain hits again!
 Are you sure you want to pray? [yn] (n) y
 You begin praying to Tyr.
 The yeti hits!
 The yeti hits again!
 The yeti misses!
 The watch captain swings her elven broadsword.
 The watch captain misses!
 The watch captain swings her elven broadsword.
 The watch captain misses!
 The yeti hits!
 The yeti misses!
 The yeti misses!
 The watch captain swings her elven broadsword.
 The watch captain misses!
 The watch captain swings her elven broadsword.
 The watch captain hits!
 You die...
 Do you want your possessions identified? [ynq] (y) y
 Do you want to see your attributes? [ynq] (y) y
 Do you want an account of creatures vanquished? [ynaq] (y) y
 Do you want to see your conduct and achievements? [ynq] (y) y
 Do you want to see the dungeon overview? [ynq] (y) y

Inventory:
 Coins    ('$')
  $ - 55 gold pieces
 Weapons  (')')
  U - 7 +0 crossbow bolts
  u - a +0 boomerang
  m - a blessed +3 shuriken (at the ready)
  d - 8 cursed +0 shuriken
  a - a corroded +1 dwarvish spear (weapon in right hand)
  E - a cursed -1 elven dagger
 Armor    ('[')
  t - an uncursed +0 elven leather helm (being worn)
  P - an uncursed +0 pair of leather gloves (being worn)
  V - a blessed +0 pair of low boots (being worn)
  c - an uncursed +3 small shield (being worn)
  o - a blessed +1 plate mail (being worn)
 Comestibles  ('%')
  y - an uncursed cram ration
  s - 3 uncursed food rations
  L - an uncursed lembas wafer
  w - an uncursed tin of broiled fox meat
  e - an uncursed tin of deep fried lichen
  v - an uncursed tin of pickled rothe meat
 Scrolls  ('?')
  K - a blessed scroll of blank paper
  g - 6 uncursed scrolls of blank paper
  i - an uncursed scroll of confuse monster
  R - an uncursed scroll of enchant armor
  h - a cursed scroll of enchant armor
  x - 2 uncursed scrolls of remove curse
  q - an uncursed scroll of teleportation
 Potions  ('!')
  A - an uncursed potion of monster detection
  n - a cursed potion of monster detection
  T - a blessed potion of oil
 Rings    ('=')
  r - an uncursed ring of sustain ability
 Wands    ('/')
  W - a wand of magic missile (0:8)
 Tools    ('(')
  p - an uncursed bell
  l - an uncursed blindfold
  S - a cursed oil lamp
  k - an uncursed tin whistle
 Gems/Stones  ('*')
  D - 2 uncursed amethyst stones
  b - an uncursed black opal
  O - an uncursed diamond
  N - an uncursed garnet stone
  J - an uncursed jacinth stone
  H - 2 uncursed turquoise stones
  Q - an uncursed worthless piece of blue glass
  j - a cursed worthless piece of blue glass
  G - an uncursed worthless piece of green glass
  M - an uncursed worthless piece of orange glass
  I - an uncursed worthless piece of violet glass
  F - an uncursed worthless piece of white glass
  f - 2 uncursed worthless pieces of yellow glass

Bowen347 the Valkyrie's attributes:

Background:
 You were a Fighter, a level 7 dwarven Valkyrie.
 You were lawful, on a mission for Tyr
 who was opposed by Odin (neutral) and Loki (chaotic).
 You were right-handed.
 You were in the Gnomish Mines, on level 7.
 You entered the dungeon 4414 turns ago.
 You had 1216 experience points, 64 more were needed to attain level 8.

Basics:
 You had 0 out of 91 hit points.
 You had all 8 energy points (spell power).
 Your armor class was -5.
 Your wallet contained 55 zorkmids.
 Autopickup was off.

Final Characteristics:
 Your strength was 15 (peak:17, limit:18/100).
 Your dexterity was 11 (limit:20).
 Your constitution was 20 (limit:20).
 Your intelligence was 10 (limit:16).
 Your wisdom was 10 (limit:16).
 Your charisma was 7 (limit:16).

Final Status:
 You weren't hungry.
 You were unencumbered.
 You were wielding a spear.
 You had expert skill with spear.

Final Attributes:
 You were devoutly aligned.
 You were cold resistant.
 You had infravision.
 You were invisible.
 You were stealthy.
 You were guarded.
 You were fast.
 You were unlucky.
 You are dead.

Miscellaneous:
 You didn't encounter any bones levels.
 Total elapsed playing time was 13 hours, 19 minutes and 33 seconds.

Major events:
 Turn
    1: Bowen347 the lawful dwarven Valkyrie entered the dungeon
  651: attained the rank of Skirmisher (level 3)
 2532: entered the Gnomish Mines
 3181: attained the rank of Fighter (level 6)
 4132: reached Mine Town
 4414: killed by a watch captain, while praying

You didn't know any spells.

Skills:
 Fighting Skills
   bare handed combat [Unskilled]
   two weapon combat  [Unskilled]
   riding             [Unskilled]
 Weapon Skills
   dagger             [Basic]
   axe                [Unskilled]
   pick-axe           [Unskilled]
   short sword        [Unskilled]
   broadsword         [Unskilled]
   long sword         [Unskilled]
   two-handed sword   [Unskilled]
   saber              [Unskilled]
   hammer             [Unskilled]
   quarterstaff       [Unskilled]
   polearms           [Unskilled]
   spear              [Expert]
   trident            [Unskilled]
   lance              [Unskilled]
   sling              [Unskilled]
 Spellcasting Skills
   attack spells      [Unskilled]
   escape spells      [Unskilled]

Voluntary challenges:
 Character rerolling was not enabled.
 You never genocided any monsters.
 You never polymorphed an object.
 You used no wishes.
Achievements:
 You attained the rank of Skirmisher.
 You entered a shop.
 You entered the Gnomish Mines.
 You attained the rank of Fighter.
 You entered Minetown.

 The Dungeons of Doom: levels 1 to 4
    Level 1:
    Level 2:
       A potion shop, a fountain, a grave.
    Level 3:
       A grave.
    Level 4:
       A fountain.
       Stairs down to The Gnomish Mines.
 The Gnomish Mines: levels 5 to 8
    Level 5:
    Level 6:
    Level 7: <- You were here.
       Some fountains, some trees.
       Final resting place for
          you, killed by a watch captain, while praying.
    Level 8:


Vanquished creatures:
  a leather golem
  a watchman
  a leprechaun
  a giant spider
 an owlbear
  a lizard
  a jaguar
  2 Woodland-elves
  6 fire ants
  a bugbear
  a wood nymph
  9 Mordor orcs
 an orc shaman
  a rock piercer
  3 rock moles
  2 ponies
  a fog cloud
  2 yellow lights
  a shrieker
  a kobold mummy
  3 paper golems
  a giant ant
  3 floating eyes
  a giant bat
  3 orc zombies
  a werejackal
  2 iguanas
  4 killer bees
  3 acid blobs
  4 coyotes
  a gas spore
  2 large kobolds
  3 giant rats
  a cave spider
  5 gnomes
  7 garter snakes
  4 geckos
 16 jackals
  2 foxes
  2 goblins
  6 grid bugs
  a bat
  7 lichens
  a kobold zombie
  4 newts
125 creatures vanquished.

No species were genocided or became extinct.

Game over:
                       ----------
                      /          \
                     /    REST    \
                    /      IN      \
                   /     PEACE      \
                  /                  \
                  |     Bowen347     |
                  |      55 Au       |
                  |   killed by a    |
                  |  watch captain   |
                  |                  |
                  |                  |
                  |       2026       |
                 *|     *  *  *      | *
        _________)/\\_//(\/(/\)/\//\/|_)_______

Farvel Bowen347 the Valkyrie...

You died in The Gnomish Mines on dungeon level 7 with 5264 points,
and 55 pieces of gold, after 4414 moves.
You were level 7 with a maximum of 91 hit points when you died.

